 Dungeon Crawl Stone Soup version 0.30-a0-141-g30f27751c5 (webtiles) character file.

Game seed: 3974856789034587051

380 qw the Chopper (level 6, 0/38 HPs)
             Began as a Gargoyle Fighter on Sept 25, 2022.
             Slain by a wight
             ... wielding a +1 flail
              (4 damage)
             ... on level 4 of the Dungeon.
             The game lasted 00:01:09 (3283 turns).

qw the Chopper (Gargoyle Fighter)                   Turns: 3283, Time: 00:01:09

Health: 0/38       AC: 12    Str: 24 (27) XL:     6   Next: 75%
Magic:  6/6        EV:  9    Int:  9      God:
Gold:   190        SH:  4    Dex:  8 (9)  Spells: 5/5 levels left

rFire   . . .      SeeInvis .    Y - +1 war axe
rCold   . . .      Faith    .    c - +0 buckler
rNeg    + . .      Spirit   .    b - +0 scale mail
rPois   inf        Reflect  .    j - +0 helmet
rElec   +          Harm     .    (no cloak)
rCorr   .          Rampage  .    (no gloves)
Will    .....                    (no boots)
Stlth   ..........               (no amulet)
HPRegen 0.12/turn                a - +6 ring of strength
MPRegen 0.10/turn                (no ring)

@: no status effects
A: sickness immunity, AC +4, negative energy resistance 1, electricity
resistance, torment resistance 1, petrification resistance
a: no special abilities


You were on level 4 of the Dungeon.
You visited 1 branch of the dungeon, and saw 4 of its levels.

You collected 190 gold pieces.


Innate Abilities, Weirdness & Mutations

You are immune to sickness and miasma.
Your stone body is resilient. (AC +4)
You are immune to poison.
You resist negative energy. (rN+)
You are resistant to electric shocks. (rElec)
You are resistant to unholy torment.
You are immune to petrification.


   Skills:
 - Level 4.3 Fighting
 + Level 5.5 Axes
 - Level 1.1 Throwing
 - Level 3.2 Armour
 - Level 0.5 Dodging
 - Level 3.2 Shields


You had 5 spell levels left.
You didn't know any spells.
Your spell library was empty.

Inventory:

Hand Weapons
 f - a +0 mace
 Y - a +1 war axe (weapon)
Missiles
 g - 3 javelins (quivered)
Armour
 b - a +0 scale mail (worn)
 c - a +0 buckler (worn)
 j - a +0 helmet (worn)
Jewellery
 a - a +6 ring of strength (left hand)
 e - a ring of fire
 h - a ring of fire
Scrolls
 k - 3 scrolls of identify
 l - a scroll of enchant armour {unknown}
Potions
 d - 2 potions of might
 i - a potion of curing

Dungeon Overview and Level Annotations

Branches:
Dungeon (4/15)
 Temple: D:4-7

Altars:
Uskayaw


Message History

The killer bee stings you!
You hit the killer bee.
The killer bee is lightly wounded.
You hit the worm.
The killer bee closely misses you. x2; The killer bee misses you.
The worm barely misses you.
You hit the killer bee but do no damage.
The killer bee is lightly wounded.
You hit the worm. The killer bee completely misses you.
The killer bee closely misses you.
You hit the worm.
The worm is heavily wounded.
You closely miss the killer bee. The killer bee stings you.
The killer bee stings you but does no damage.
The worm bites you! The killer bee stings you.
You slash the worm!
You kill the worm!
You slash the killer bee!
The killer bee stings you but does no damage.
The killer bee stings you.
You miss the killer bee.
The killer bee is severely wounded.
You barely miss the giant cockroach. The killer bee stings you.
The giant cockroach bites you but does no damage.
The killer bee stings you.
The giant cockroach bites you but does no damage.
The killer bee stings you.
You closely miss the killer bee.
The killer bee is severely wounded.
You slash the giant cockroach!
You kill the giant cockroach!
The killer bee closely misses you.
The killer bee stings you but does no damage.
You slash the killer bee!
You kill the killer bee!
You slash the wight! The wight hits you with a +1 flail.
You die...

##..####..# #..#
#.# #.## #.# #.#
#.. #.# #.. ##.#
#. # ##..##
....#####....###
.....$)@.......#
##..##z#..........
#.#....######..
:.#....## .
.##....## .(
#...## # ..## ..#
#..


You could see a wight.

Vanquished Creatures
  A black bear (D:4)
  A necrophage (D:4)
  A killer bee (D:4)
  Jessica (D:2)
  Robin (D:2)
  10 adders
  2 worms
  A dart slug (D:1)
  7 ball pythons
  6 endoplasms
  3 giant cockroaches
  18 goblins
  11 hobgoblins
  5 jackals
  4 quokkas
  5 bats
  4 frilled lizards
  9 kobolds
  7 rats
97 creatures vanquished.

Notes
Turn   | Place    | Note
-------+----------+-------------------------------------------
     0 | D:1      | qw the Gargoyle Fighter began the quest for the Orb.
     0 | D:1      | Reached XP level 1. HP: 14/14 MP: 1/1
     0 | D:1      | 0 ||| qw: Version: 0.2-a-10-g399e6c4
     0 | D:1      | 0 ||| qw: Game counter: 123
     0 | D:1      | 0 ||| qw: Always use a shield: true
     0 | D:1      | 0 ||| qw: God list: Okawaru
     0 | D:1      | 0 ||| qw: Allow faded altars: false
     0 | D:1      | 0 ||| qw: Do Orc after D:15 true
     0 | D:1      | 0 ||| qw: Do second Lair branch before Depths: true
     0 | D:1      | 0 ||| qw: Lair rune preference: random
     0 | D:1      | 0 ||| qw: Plans: Normal, Zot:1-4, God:TSO, Crypt, Tomb,
                  | Pan, Slime:5, Hells, Abyss, Orb
     0 | D:1      | 0 ||| PLANNING D:1-11
   107 | D:1      | Reached skill level 2 in Axes
   141 | D:1      | Reached XP level 2. HP: 19/19 MP: 2/2
   141 | D:1      | 141 ||| DROPPING +0 club.
   274 | D:1      | 274 ||| Stepping ~*~*~tactically~*~*~ (hiding).
   447 | D:1      | Reached skill level 3 in Axes
   518 | D:1      | Reached XP level 3. HP: 23/23 MP: 3/3
   715 | D:1      | 715 ||| READING scroll labelled REONLU PAWUTOL.
   768 | D:1      | 768 ||| READING scroll labelled NYIXUH AHEDGH.
   822 | D:2      | 822 ||| STAIRDANCE
   830 | D:2      | 830 ||| Stepping ~*~*~tactically~*~*~ (stealth).
   841 | D:2      | Reached skill level 1 in Throwing
   913 | D:2      | 913 ||| Stepping ~*~*~tactically~*~*~ (stealth).
   957 | D:2      | 957 ||| Stepping ~*~*~tactically~*~*~ (hiding).
   958 | D:2      | 958 ||| Stepping ~*~*~tactically~*~*~ (hiding).
   960 | D:2      | 960 ||| Stepping ~*~*~tactically~*~*~ (stealth).
   960 | D:2      | Noticed Robin
   965 | D:2      | Reached XP level 4. HP: 28/28 MP: 4/4
   968 | D:2      | Killed Robin
  1141 | D:2      | Noticed Jessica
  1142 | D:2      | 1142 ||| Stepping ~*~*~tactically~*~*~ (hiding).
  1143 | D:2      | 1143 ||| Stepping ~*~*~tactically~*~*~ (hiding).
  1144 | D:2      | 1144 ||| Stepping ~*~*~tactically~*~*~ (hiding).
  1151 | D:2      | Killed Jessica
  1152 | D:2      | Reached skill level 4 in Axes
  1345 | D:2      | Reached XP level 5. HP: 32/32 MP: 5/5
  1360 | D:2      | 1360 ||| Stepping ~*~*~tactically~*~*~ (stealth).
  1414 | D:2      | 1414 ||| Stepping ~*~*~tactically~*~*~ (stealth).
  1425 | D:2      | 1425 ||| Stepping ~*~*~tactically~*~*~ (stealth).
  1650 | D:2      | 1650 ||| Stepping ~*~*~tactically~*~*~ (stealth).
  2056 | D:2      | 2056 ||| UPGRADING to +0 helmet.
  2061 | D:2      | 2061 ||| UPGRADING to +6 ring of strength.
  2062 | D:2      | 2062 ||| READING 2 scrolls labelled USYULUOCVE.
  2063 | D:2      | 2063 ||| READING scroll labelled COASKE GULIPS.
  2164 | D:2      | 2164 ||| READING scroll labelled VYULIO ZOHIZUSHRU.
  2165 | D:2      | 2165 ||| DRINKING 3 glowing clear potions.
  2270 | D:2      | 2270 ||| DROPPING 2 potions of berserk rage.
  2604 | D:3      | 2604 ||| Stepping ~*~*~tactically~*~*~ (stealth).
  2605 | D:3      | 2605 ||| Stepping ~*~*~tactically~*~*~ (stealth).
  2647 | D:3      | 2647 ||| Stepping ~*~*~tactically~*~*~ (stealth).
  2656 | D:3      | 2656 ||| Stepping ~*~*~tactically~*~*~ (stealth).
  2685 | D:3      | 2685 ||| Stepping ~*~*~tactically~*~*~ (stealth).
  2743 | D:3      | Found a hide-covered altar of Uskayaw.
  2745 | D:3      | Reached skill level 5 in Axes
  2827 | D:3      | 2827 ||| Stepping ~*~*~tactically~*~*~ (stealth).
  2828 | D:3      | 2828 ||| Stepping ~*~*~tactically~*~*~ (stealth).
  2830 | D:3      | 2830 ||| Stepping ~*~*~tactically~*~*~ (stealth).
  2831 | D:3      | 2831 ||| Stepping ~*~*~tactically~*~*~ (stealth).
  2833 | D:3      | 2833 ||| Stepping ~*~*~tactically~*~*~ (stealth).
  2834 | D:3      | 2834 ||| Stepping ~*~*~tactically~*~*~ (stealth).
  2835 | D:3      | 2835 ||| Stepping ~*~*~tactically~*~*~ (stealth).
  2897 | D:3      | Found a faded altar of an unknown god.
  2900 | D:3      | 2900 ||| READING scroll labelled YXAURR ENYTT.
  2984 | D:3      | 2984 ||| Stepping ~*~*~tactically~*~*~ (stealth).
  3013 | D:3      | 3013 ||| READING scroll labelled POZOSU VEOL.
  3018 | D:3      | 3018 ||| DRINKING 2 puce potions.
  3019 | D:3      | 3019 ||| DRINKING 2 bubbling puce potions.
  3020 | D:3      | 3020 ||| DRINKING 2 grey potions.
  3021 | D:3      | 3021 ||| READING 4 scrolls of identify.
  3021 | D:3      | 3021 ||| IDENTIFYING coppery potion
  3022 | D:3      | 3022 ||| DROPPING potion of brilliance.
  3023 | D:3      | 3023 ||| DROPPING potion of degeneration.
  3024 | D:3      | 3024 ||| DROPPING potion of flight.
  3051 | D:4      | 3051 ||| STAIRDANCE
  3091 | D:4      | Reached XP level 6. HP: 33/38 MP: 6/6
  3199 | D:4      | Noticed a black bear
  3207 | D:4      | Killed a black bear
  3281 | D:4      | HP: 8/38 [killer bee (4)]
  3283 | D:4      | Slain by a wight

Levels and vault maps discovered:
D:1:      nagdon_arrival_zigzag_paths, layout_basic
D:2:      minmay_thinvault, layout_rooms, uniq_robin, uniq_jessica
D:3:      layout_basic, nicolae_uskayaw_dance_hall,
          nicolae_ecumenical_lake_church, minmay_fractal_squares_diagonal_5
D:4:      layout_layer_cave, mainiacjoe_overflow_concentric_impassable,
          slow_altar_1, minmay_manual_mess

Skill      XL: |  1  2  3  4  5 |
---------------+----------------+-----
Axes           | 2 3 4 5 |  5.5
Throwing       | 1 |  1.1
Fighting       | 4 |  4.3
Armour         | |  3.2
Dodging        | |  0.5
Shields        | |  3.2

Action                   |  1- 3 |  4- 6 || total
-------------------------+-------+-------++-------
Melee: War axe           |    61 |   153 ||   214
Throw: Javelin           |    18 |    39 ||    57
  Use: Scroll            |     2 |     6 ||     8
       Potion            |       |     4 ||     4
Armor: Scale mail        |    31 |    83 ||   114
Dodge: Dodged            |    27 |    92 ||   119
Block: Buckler           |    10 |    32 ||    42

Table legend:
 A = Non-vault XP
 B = Vault XP
 C = Vault XP percentage of total XP
 D = Non-vault monster count
 E = Vault monster count
 F = Vault count percentage of total count
                 A         B        C        D         E       F
            +---------+---------+-------+---------+---------+-------
      Total |     371 |     235 |  38.8 |      62 |      35 |  36.1
            +---------+---------+-------+---------+---------+-------
        D:1 |      36 |       0 |   0.0 |      22 |       0 |   0.0
        D:2 |      65 |     124 |  65.6 |      20 |      28 |  58.3
        D:3 |      47 |      30 |  39.0 |      15 |       4 |  21.1
        D:4 |     223 |      81 |  26.6 |       5 |       3 |  37.5
            +---------+---------+-------+---------+---------+-------
